Map: Eternal Empire LE

Players

MaSa - Winner!

  • Race: Terran Terran
  • League: Master
  • Spawn Location: 7:00

DisK

  • Race: Protoss Protoss
  • League: Master
  • Spawn Location: 1:00

Event: DreamHack SC2 Masters 2020 Summer North America

VOD

Have the link to the VOD?

Description

Time

  • Played on: July 3, 2020, 4:47 p.m.
  • Length: 20:38

All games in this series

Show
View Real Time Build Order
Export as new Build Order

MaSa Terran - Winner!

Build Orders: Mech, Banshee Rush 

Get SALT Encoding   

  12  0:00  SCV  
  13  0:13  SCV  
  14  0:17  Supply Depot  
  14  0:25  SCV  
  15  0:38  SCV, Barracks  
  16  0:44  Refinery  
  16  0:50  SCV  
  16  0:54  Refinery  
  17  1:02  SCV  
  18  1:15  SCV  
  19  1:25  Reaper  
  19  1:27  Orbital Command  
  20  1:41  Factory  
  20  1:48  Supply Depot  
  20  1:52  SCV  
  21  1:57  Reaper  
  22  2:05  SCV  
  23  2:09  Bunker  
  23  2:17  SCV  
  24  2:28  Hellion  
  26  2:30  SCV  
  27  2:38  Command Center  
  27  2:45  Starport  
  27  2:50  SCV  
  28  2:54  Factory Tech Lab  
  28  3:04  SCV  
  29  3:10  Barracks Reactor  
  29  3:11  Supply Depot  
  29  3:16  SCV  
  29  3:33  Cyclone  
  32  3:34  SCV  
  32  3:35  Starport Tech Lab  
  32  3:47  Marine x2  
  33  3:53  Banshee, Cloaking Field  
  33  3:54  Bunker  
  36  3:55  SCV  
  36  3:58  Supply Depot  
  37  4:04  Marine x2  
  39  4:13  Bunker  
  39  4:19  Siege Tank, SCV  
  39  4:22  Marine x2  
  45  4:28  Orbital Command  
  45  4:36  Banshee  
  45  4:37  SCV  
  49  4:44  Marine x2  
  51  4:49  SCV  
  51  4:51  Siege Tank  
  55  4:58  SCV  
  56  5:01  SCV  
  56  5:02  Supply Depot  
  57  5:10  SCV  
  57  5:13  Command Center  
  58  5:19  Banshee  
  62  5:21  SCV  
  62  5:24  SCV  
  62  5:28  Refinery  
  63  5:30  Refinery  
  63  5:34  SCV  
  64  5:40  Siege Tank  
  64  5:41  SCV  
  68  5:49  SCV  
  69  5:55  Factory  
  69  6:00  Factory  
  69  6:01  SCV  
  70  6:16  Banshee, SCV x2  
  70  6:24  Hyperflight Rotors  
  70  6:25  Orbital Command  
  70  6:29  SCV  
  71  6:33  SCV  
  71  6:34  Siege Tank  
  75  6:41  Engineering Bay, SCV  
  75  6:45  SCV  
  77  6:47  Supply Depot  
  77  6:49  Supply Depot  
  77  6:53  SCV  
  79  6:57  SCV  
  79  6:59  Armory x2  
  80  7:01  Orbital Command  
  80  7:05  SCV  
  80  7:09  SCV  
  80  7:10  Banshee  
  84  7:16  Refinery  
  84  7:18  SCV  
  84  7:19  Refinery  
  84  7:21  SCV  
  86  7:25  Mag-Field Accelerator  
  86  7:26  Factory Tech Lab  
  86  7:28  Siege Tank  
  86  7:29  Hellion x2  
  93  7:30  SCV  
  93  7:35  SCV  
  95  7:38  SCV  
  95  7:42  Supply Depot  
  96  7:45  Siege Tank  
  96  7:47  SCV x2  
  96  7:50  Factory  
  101  8:04  Banshee, SCV x2  
  101  8:05  SCV  
  107  8:06  Supply Depot, Terran Vehicle Weapons Level 1  
  107  8:07  Supply Depot, Terran Vehicle And Ship Armor Level 1  
  107  8:08  Supply Depot  
  107  8:16  SCV  
  107  8:17  SCV  
  109  8:21  Barracks Reactor  
  109  8:25  Factory  
  109  8:28  Cyclone, SCV, Hellion x2  
  109  8:32  Command Center  
  117  8:36  Siege Tank  
  117  8:37  SCV x2, Factory Tech Lab  
  119  8:43  SCV  
  119  8:48  Banshee  
  123  8:53  SCV  
  124  8:55  Supply Depot  
  124  8:56  Supply Depot  
  124  9:05  SCV  
  124  9:07  Cyclone, Hellion x2  
  132  9:12  Supply Depot  
  132  9:13  Supply Depot, Infernal Pre-Igniter  
  132  9:15  SCV  
  132  9:16  Cyclone x2  
  139  9:20  Missile Turret  
  139  9:21  SCV, Missile Turret  
  139  9:22  SCV  
  141  9:24  Supply Depot  
  141  9:25  Supply Depot, Hellion  
  141  9:28  SCV  
  141  9:31  Banshee  
  147  9:33  Hellion x3  
  147  9:34  SCV  
  154  9:45  Factory  
  154  9:47  Factory x2  
  154  9:52  Cyclone x2  
  158  10:01  Hellion x3  
  155  10:14  Banshee  
  155  10:16  Cyclone, Hellion  
  155  10:18  Drilling Claws  
  161  10:24  Cyclone x2  
  164  10:39  Hellion x4  
  169  10:48  Cyclone  
  169  10:51  Planetary Fortress, SCV  
  169  10:56  Cyclone x2  
  176  10:57  Banshee, Factory Reactor, Factory Tech Lab x2  
  176  11:00  Widow Mine  
  178  11:09  SCV x3  
  173  11:12  Smart Servos  
  166  11:21  SCV x3  
  166  11:22  Cyclone x2, Widow Mine  
  166  11:23  Widow Mine x2  
  181  11:28  Refinery  
  181  11:29  Refinery  
  181  11:31  Widow Mine  
  183  11:33  SCV  
  183  11:39  Widow Mine x2  
  190  11:40  Banshee, Widow Mine  
  190  11:43  Terran Vehicle Weapons Level 2  
  153  12:03  Cyclone  
  153  12:04  Cyclone, Widow Mine x2  
  153  12:05  Hellion x2  
  160  12:12  Terran Vehicle And Ship Armor Level 2  
  160  12:15  Command Center  
  154  12:16  Command Center  
  154  12:23  Banshee, SCV x2  
  154  12:24  Cyclone x2  
  165  12:35  Cyclone, Hellion x2  
  165  12:36  Cyclone  
  173  12:38  Hellion x3  
  173  12:39  Hellion  
  178  12:46  SCV x3  
  178  13:00  Hellion x4  
  178  13:01  Cyclone x2  
  192  13:06  Banshee  
  168  13:14  Cyclone x2  
  168  13:15  Cyclone  
  165  13:26  Widow Mine x2  
  165  13:27  Widow Mine x2  
  175  13:33  Cyclone  
  170  13:34  Hellion, SCV  
  170  13:35  SCV  
  170  13:40  Widow Mine x2  
  170  13:41  Orbital Command  
  169  13:46  Factory  
  169  13:47  Factory, Widow Mine  
  162  13:48  Banshee  
  157  14:16  Cyclone x5, Widow Mine x4  
  168  14:24  Hellion  
  168  14:31  Terran Vehicle Weapons Level 3  
  168  14:34  SCV  
  168  14:37  Hellion  
  167  14:38  Factory Tech Lab  
  167  14:48  Cyclone x3  
  174  15:04  Hellion x5  
  182  15:07  Unknown  
  182  15:10  Command Center  
  182  15:11  Banshee, Command Center  
  182  15:13  Factory Tech Lab  
  183  15:15  Missile Turret  
  183  15:18  Planetary Fortress  
  179  15:30  Sensor Tower  
  179  15:31  Missile Turret  
  179  15:32  Missile Turret  
  179  15:34  Cyclone  
  180  15:49  Cyclone x2  
  164  15:50  Cyclone  
  164  15:52  Cyclone, Hellion  
  164  15:53  Banshee  
  166  16:02  Starport  
  152  16:04  Starport  
  152  16:06  Hellion x3  
  149  16:17  Cyclone x2, Hellion x3  
  149  16:24  Terran Vehicle And Ship Armor Level 3, Fusion Core  
  149  16:26  Orbital Command, Planetary Fortress  
  149  16:30  Refinery  
  149  16:31  SCV  
  149  16:32  SCV  
  151  16:33  Refinery, Hellion x2  
  151  16:37  Cyclone  
  151  16:39  Banshee  
  161  16:44  Hellion x2  
  163  16:52  Cyclone x2  
  163  16:53  Hellion x2  
  169  16:58  Starport Tech Lab x2  
  169  16:59  Cyclone x2  
  169  17:00  Cyclone, Hellion  
  180  17:07  Hellion  
  178  17:17  Battlecruiser, Terran Ship Weapons Level 1  
  178  17:18  Battlecruiser  
  178  17:19  Hellion x2  
  194  17:36  Battlecruiser  
  196  17:51  Command Center  
  196  17:52  Cyclone  
  196  17:53  Cyclone x2  
  196  17:57  Cyclone x2  
  180  18:12  Cyclone x2  
  184  18:24  Battlecruiser x2  
  196  18:32  Cyclone  
  196  18:42  Battlecruiser  
  196  18:43  Weapon Refit  
  196  18:47  Cyclone  
  200  18:53  Widow Mine  
  200  18:59  Widow Mine x2  
  199  19:07  Cyclone x3  
  199  19:08  Hellion  
  195  19:20  Hellion x2  
  195  19:21  Widow Mine  
  196  19:28  Cyclone, Battlecruiser  
  197  19:43  Hellion  
  173  20:01  Widow Mine x2  
  173  20:03  Hellion x3  
  173  20:05  Cyclone x2  
Show
View Real Time Build Order
Export as new Build Order

DisK Protoss 

Build Orders:  

Get SALT Encoding   

  12  0:00  Probe  
  13  0:12  Probe  
  14  0:17  Pylon  
  14  0:24  Probe  
  15  0:33  Probe  
  15  0:36  Gateway  
  15  0:41  Probe  
  16  0:47  Assimilator  
  17  0:52  Probe  
  18  1:04  Probe  
  19  1:16  Probe  
  20  1:24  Cybernetics Core  
  22  1:33  Pylon  
  22  1:36  Probe  
  23  1:50  Adept  
  23  1:51  Nexus  
  23  1:52  Probe  
  22  1:55  Assimilator  
  24  2:01  Warp Gate  
  24  2:07  Probe  
  24  2:10  Stalker  
  24  2:19  Probe  
  27  2:31  Probe  
  28  2:37  Robotics Facility  
  28  2:43  Probe  
  29  2:44  Stalker  
  31  2:52  Shield Battery  
  31  3:03  Probe  
  32  3:10  Probe  
  33  3:14  Stalker  
  33  3:19  Probe x2  
  37  3:27  Probe  
  37  3:31  Observer  
  37  3:32  Probe  
  37  3:35  Gateway x2  
  37  3:37  Probe  
  40  3:49  Pylon  
  40  3:50  Warp Prism  
  40  3:52  Stalker  
  43  4:00  Probe  
  43  4:02  Probe  
  45  4:08  Pylon  
  45  4:13  Probe  
  45  4:14  Probe  
  45  4:16  Stalker  
  49  4:23  Observer  
  49  4:25  Probe  
  49  4:26  Probe  
  49  4:28  Pylon  
  49  4:30  Stalker  
  54  4:43  Probe  
  55  4:50  Probe  
  56  4:55  Probe  
  56  5:02  Probe  
  56  5:03  Nexus  
  56  5:05  Assimilator  
  56  5:06  Assimilator, Robotics Bay  
  57  5:07  Probe  
  57  5:08  Forge  
  57  5:12  Pylon  
  58  5:20  Probe x2  
  60  5:21  Sentry x2  
  60  5:24  Pylon  
  64  5:32  Immortal  
  68  5:41  Probe  
  69  5:48  Probe  
  69  5:49  Twilight Council, Pylon  
  70  5:52  Protoss Ground Weapons Level 1  
  70  5:53  Probe  
  70  5:55  Adept  
  73  6:00  Probe  
  73  6:04  Colossus  
  75  6:20  Probe x2  
  75  6:22  Stalker  
  75  6:23  Stalker  
  79  6:27  Probe  
  79  6:28  Probe x2  
  80  6:35  Probe  
  80  6:37  Probe x2  
  82  6:45  Probe  
  84  6:49  Photon Cannon, Probe x2  
  84  6:53  Probe  
  87  7:00  Phoenix  
  87  7:01  Probe x3  
  90  7:05  Photon Cannon, Charge  
  89  7:13  Probe x2  
  91  7:16  Probe  
  91  7:21  Colossus, Pylon  
  98  7:25  Probe x2  
  98  7:28  Probe  
  101  7:35  Gateway  
  97  7:37  Probe x2  
  97  7:38  Gateway  
  97  7:40  Assimilator  
  97  7:43  Pylon  
  99  7:50  Zealot x3  
  105  7:51  Extended Thermal Lance  
  105  7:53  Probe  
  105  7:56  Probe  
  105  7:58  Probe  
  104  8:00  Protoss Ground Weapons Level 2  
  104  8:01  Probe  
  104  8:04  Probe  
  104  8:09  Photon Cannon, Probe  
  104  8:10  Probe  
  106  8:18  Assimilator, Pylon  
  107  8:27  Zealot x2  
  107  8:28  Zealot  
  113  8:34  Shield Battery, Stargate  
  113  8:35  Probe  
  113  8:36  Pylon  
  112  8:41  Pylon  
  112  8:42  Probe x2  
  112  8:47  Probe  
  112  8:51  Photon Cannon  
  112  8:54  Probe  
  112  8:55  Stalker x3  
  115  8:59  Probe  
  115  9:02  Probe  
  117  9:03  Probe  
  117  9:07  Nexus  
  118  9:10  Probe, Phoenix, Pylon  
  118  9:11  Probe  
  118  9:12  Probe  
  121  9:17  Phoenix, Templar Archives  
  121  9:19  Probe  
  121  9:23  Probe  
  125  9:26  Zealot x2  
  125  9:27  Zealot  
  125  9:28  Probe  
  132  9:31  Gravitic Boosters  
  132  9:32  Probe  
  132  9:35  Blink  
  133  9:41  Photon Cannon, Probe x2  
  133  9:44  Probe, Oracle, Pylon  
  139  9:54  Observer  
  135  10:09  Probe x3  
  136  10:15  Disruptor, Shield Battery  
  136  10:18  Zealot x5  
  143  10:36  Protoss Ground Weapons Level 3  
  143  10:40  Zealot x5  
  153  10:48  Gateway  
  151  10:50  Gateway  
  151  10:55  Gateway  
  151  10:58  Gateway  
  151  11:01  Gateway  
  151  11:05  Zealot x3  
  151  11:06  Zealot x2  
  161  11:17  Disruptor  
  150  11:21  Assimilator  
  150  11:23  Assimilator  
  150  11:24  Pylon  
  146  11:26  Stalker x5  
  146  11:28  Pylon  
  146  11:30  Probe x2  
  146  11:31  Probe  
  159  11:35  Gateway  
  159  11:41  Phoenix  
  159  11:43  Stalker  
  115  12:03  Zealot x8  
  110  12:18  Robotics Facility  
  107  12:25  High Templar x9  
  107  12:29  Archon x3, Observer  
  123  12:34  Archon, Zealot  
  123  12:40  Disruptor  
  123  12:41  Observer  
  121  12:57  Zealot x4  
  121  12:58  Zealot x6  
  137  13:18  Zealot x10  
  149  13:23  Observer  
  147  13:31  Observer, Fleet Beacon  
  133  13:37  Nexus  
  133  13:38  Nexus  
  133  13:41  Stalker x6  
  136  13:44  High Templar x4  
  150  13:48  Archon x2  
  150  13:59  Pylon  
  143  14:05  Zealot x4  
  143  14:06  Zealot  
  132  14:26  Zealot x4  
  132  14:27  Zealot  
  125  14:43  Zealot  
  113  14:55  Probe x2  
  113  14:56  Probe  
  116  15:01  Disruptor x2  
  116  15:02  Observer  
  122  15:19  Probe  
  122  15:20  Probe x2  
  126  15:21  Probe  
  126  15:24  High Templar x8  
  126  15:25  High Templar x2  
  144  15:33  Archon x3  
  129  15:52  Disruptor x2  
  119  15:57  Zealot  
  119  15:58  Zealot x9  
  133  16:23  Archon  
  129  16:27  Disruptor x2  
  129  16:29  Unknown  
  129  16:32  Pylon  
  135  16:33  Stalker x4  
  135  16:34  Stalker  
  135  16:36  Archon, Pylon  
  123  17:02  Disruptor  
  119  17:08  Zealot  
  119  17:09  Zealot x9  
  119  17:10  Nexus  
  139  17:16  Photon Cannon  
  136  17:25  Oracle  
  136  17:27  Photon Cannon  
  136  17:30  Zealot x5  
  149  17:48  Disruptor  
  148  17:56  Zealot x2  
  148  17:57  Zealot x2  
  148  17:58  Disruptor  
  149  18:13  Stalker x4  
  147  18:23  Disruptor  
  150  18:28  Disruptor  
  145  18:42  Stalker x5  
  138  19:14  Stalker x7  
  148  19:21  Probe x4  
  148  19:22  Probe  
  150  19:24  Observer  
  148  19:32  Stalker x2  
  113  20:01  Stalker x7  
  115  20:13  Stalker  
  115  20:14  Stalker x2  
  89  20:27  Stalker x3  
Tags
 
Add a new tag
Caveats
  • Supply blocks, unpowered buildings, or Contaminate may cause inaccurate times.
  • Supply counts are checked every 10 seconds.